 Dungeon Crawl Stone Soup version 0.23.2-1-ga50397a (webtiles) character file.

Game seed: 17368333470804092142

207 Borgoz the Slasher (level 5, -3/42 HPs)
             Began as a Minotaur Gladiator on May 26, 2019.
             Was an Initiate of Ashenzari.
             Killed by divine providence
             ... invoked by an orc priest
              (15 damage)
             ... on level 4 of the Dungeon.
             The game lasted 00:03:05 (2825 turns).

Borgoz the Slasher (Minotaur Gladiator)             Turns: 2825, Time: 00:03:06

Health: -3/42      AC:  3    Str: 22 (25) XL:     5   Next: 54%
Magic:  4/4        EV: 22    Int:  3 (5)  God:    Ashenzari [......]
Gold:   161        SH:  0    Dex: 14 (17) Spells: 4/4 levels left

rFire    . . .     SeeInvis .   a - +0 long sword
rCold    . . .     Gourm    .   (no shield)
rNeg     . . .     Faith    .   b - +0 leather armour
rPois    .         Spirit   .   c - +0 hat
rElec    .         Reflect  .   (no cloak)
rCorr    .         Harm     .   (no gloves)
MR       .....                  (no boots)
Stlth    ++........             (no amulet)
HPRegen  0.14/turn              i - +6 ring of strength
MPRegen  0.09/turn              v - +3 ring of evasion

@: agile, flying
A: retaliatory headbutt, horns 2
a: Curse Item, Renounce Religion


You were on level 4 of the Dungeon.
You worshipped Ashenzari.
Ashenzari was noncommittal.
You were very hungry.

You visited 1 branch of the dungeon, and saw 4 of its levels.

You collected 161 gold pieces.

Inventory:

Hand Weapons
 a - a +0 long sword (weapon)
 A - a +2 short sword of draining
Missiles
 d - 3 throwing nets (quivered)
Armour
 b - a +0 leather armour (worn)
 c - a +0 hat (worn)
Jewellery
 i - a +6 ring of strength (left hand)
 v - a +3 ring of evasion (right hand)
Wands
 x - a wand of paralysis (8)
Scrolls
 g - a scroll of identify
 h - 3 scrolls of remove curse
 k - 2 scrolls of random uselessness {unknown}
 l - 2 scrolls of blinking {unknown}
 m - 2 scrolls of fear {unknown}
 n - a scroll of noise {unknown}
 o - 3 scrolls of enchant armour {unknown}
 p - a scroll of amnesia {unknown}
 s - a scroll of fog {unknown}
 y - a scroll of enchant weapon {unknown}
 B - a scroll of magic mapping {unknown}
Potions
 q - a potion of might
 r - a potion of agility
 u - 2 potions of haste
 w - a potion of curing
Comestibles
 f - 6 rations


   Skills:
 - Level 2.4 Fighting
 * Level 6.0 Long Blades
 - Level 2.0 Throwing
 + Level 3.0 Armour
 + Level 4.4 Dodging


You had 4 spell levels left.
You didn't know any spells.
Your spell library contained the following spells:

 Spells                   Type           Power        Failure   Level  Hunger
 Animate Skeleton         Necr           N/A          56%         1    ##.....
 Apportation              Tloc           #.....       56%         1    ##.....
 Confusing Touch          Hex            #.....       56%         1    ##.....
 Summon Small Mammal      Summ           #...         56%         1    ##.....


Dungeon Overview and Level Annotations

Branches:
Dungeon (4/15)
 Temple: D:4-7

Altars:
Ashenzari
Dithmenos
Kikubaaqudgha
Trog
Vehumet
Yredelemnul


Innate Abilities, Weirdness & Mutations

You reflexively headbutt those who attack you in melee.
You have a pair of horns on your head.


Message History

There was something very wrong with that liquid.
You feel weakened.
You feel dopey.
You feel clumsy.
The orc priest hits you but does no damage.
The orc wizard mumbles some strange words.
The orc wizard blinks!
It was a potion of flight.
You feel very buoyant.
You fly up into the air.
The orc hits you with a +0 hand axe.
The orc wizard mumbles some strange words.
The orc wizard blinks!
The orc priest invokes the aid of Beogh against you.
Pain shoots through your body!
* * * LOW HITPOINT WARNING * * *
The orc priest hits the withered plant but does no damage.
You feel agile all of a sudden. The orc misses you.
You riposte.
You slash the orc!
You kill the orc!
The orc priest calls down the wrath of Beogh upon you.
Beogh smites you!
You die...

#.#.####
...#####<#...
#.......#####
#.##.....# #
.##.###.#####.#
......#.#..P...
.##.#.o........
..
#...P......$. .
###.o@..#PP..
#.)PP## .P.
#.Po... ..
#P....... .
#.##.._..# #.
......# #.
####### #.


You could see 2 orc priests and an orc wizard.

Vanquished Creatures
  A hound (D:4)
  An orc wizard (D:3)
  A worker ant (D:4)
  4 adders
  2 oozes
  3 worms
  2 dart slugs
  A leopard gecko (D:1)
  6 orcs
  A ball python (D:1)
  5 bats
  3 giant cockroaches
  4 goblins
  10 hobgoblins
  2 jackals (D:2)
  A quokka (D:3)
  7 frilled lizards
  3 kobolds
  5 rats
62 creatures vanquished.

Vanquished Creatures (others)
  An adder (D:2)
  A bat (D:2)
2 creatures vanquished.

Grand Total: 64 creatures vanquished

Notes
Turn   | Place    | Note
-------+----------+-------------------------------------------
     0 | D:1      | Borgoz the Minotaur Gladiator began the quest for the Orb.
     0 | D:1      | Reached XP level 1. HP: 18/18 MP: 0/0
   357 | D:1      | Reached skill level 4 in Long Blades
   357 | D:1      | Reached XP level 2. HP: 21/25 MP: 1/1
   395 | D:1      | Reached skill level 1 in Armour
   859 | D:2      | Reached XP level 3. HP: 22/30 MP: 2/2
  1135 | D:2      | Found a radiant altar of Vehumet.
  1362 | D:2      | Reached XP level 4. HP: 37/37 MP: 3/3
  1636 | D:3      | Found a shattered altar of Ashenzari.
  1688 | D:3      | Became a worshipper of Ashenzari the Shackled
  1699 | D:3      | Reached skill level 5 in Long Blades
  1712 | D:3      | Found a basalt altar of Yredelemnul.
  2340 | D:3      | Reached XP level 5. HP: 36/42 MP: 4/4
  2488 | D:3      | Found a shadowy altar of Dithmenos.
  2488 | D:3      | Found a bloodstained altar of Trog.
  2809 | D:4      | Found an ancient bone altar of Kikubaaqudgha.
  2822 | D:4      | Reached skill level 6 in Long Blades
  2825 | D:4      | Killed from afar by an orc priest

Skill      XL: |  1  2  3  4  5 |
---------------+----------------+-----
Long Blades    | 4 5 6 |  6.0
Armour         | 1 2 3 |  3.0
Dodging        | 4 |  4.4
Fighting       | |  2.4
Throwing       | |  2.0

Action                   |  1- 3 |  4- 6 || total
-------------------------+-------+-------++-------
Melee: Long sword        |    65 |    56 ||   121
       Headbutt          |    11 |    12 ||    23
  Use: Scroll            |       |     3 ||     3
       Potion            |       |     6 ||     6
  Eat: Chunk             |     1 |     4 ||     5
Armor: Leather armour    |    12 |     9 ||    21
Dodge: Dodged            |    47 |    30 ||    77
       Rpst.: Long sword |     8 |    10 ||    18
